 Dungeon Crawl Stone Soup version 0.29.0-4-gdea44cf6ec (webtiles) character file.

Game seed: 10143246849159433086

95 qw the Chopper (level 4, 0/28 HPs)
             Began as a Gargoyle Berserker on Sept 8, 2022.
             Was a Believer of Trog.
             Killed from afar by an orc (19 damage)
             ... with a bolt of acid
             ... on level 3 of the Dungeon.
             The game lasted 00:00:45 (2889 turns).

qw the Chopper (Gargoyle Berserker)                 Turns: 2889, Time: 00:00:46

Health: 0/28       AC:  7    Str: 22    XL:     4   Next: 65%
Magic:  4/4        EV:  9    Int:  8    God:    Trog [**....]
Gold:   143        SH:  2    Dex:  9    Spells: 3/3 levels left

rFire   . . .      SeeInvis .   Y - +1 hand axe
rCold   . . .      Faith    .   e - +0 buckler
rNeg    + . .      Spirit   .   d - +0 scale mail
rPois   inf        Reflect  .   (no helmet)
rElec   +          Harm     .   (no cloak)
rCorr   .          Rampage  .   (no gloves)
Will    .....                   g - +0 pair of boots
Stlth   ..........              (no amulet)
HPRegen 0.09/turn               (no ring)
MPRegen 0.09/turn               (no ring)

@: corroded
A: sickness immunity, AC +3, negative energy resistance 1, electricity
resistance, torment resistance 1, petrification resistance
a: Renounce Religion, Berserk, Trog's Hand


You were on level 3 of the Dungeon.
You worshipped Trog.
Trog was pleased with you.
You visited 1 branch of the dungeon, and saw 3 of its levels.

You collected 143 gold pieces.


Innate Abilities, Weirdness & Mutations

You are immune to sickness and miasma.
Your stone body is resilient. (AC +3)
You are immune to poison.
You resist negative energy. (rN+)
You are resistant to electric shocks. (rElec)
You are resistant to unholy torment.
You are immune to petrification.


   Skills:
 - Level 3.2 Fighting
 - Level 4.8 Axes
 - Level 2.1 Armour
 - Level 1.5 Dodging
 + Level 0.0 Shields


You had 3 spell levels left.
You didn't know any spells.
Your spell library was empty.

Inventory:

Hand Weapons
 l - a +0 flail
 Y - a +1 hand axe (weapon)
Missiles
 c - a boomerang (quivered)
Armour
 d - a +0 scale mail (worn)
 e - a +0 buckler (worn)
 g - a +0 pair of boots (worn)
Potions
 f - 2 potions of curing
 h - a potion of cancellation {unknown}
 i - 2 potions of heal wounds
 j - a potion of flight {unknown}
 k - a potion of brilliance {unknown}
 m - a potion of berserk rage {unknown}
 n - a potion of haste {unknown}

Dungeon Overview and Level Annotations

Branches:
Dungeon (3/15)

Altars:

Annotations:
D:2 1 runed translucent door, Crazy Yiuf


Message History

Crazy Yiuf yells, "Seed horse canine!"
Crazy Yiuf screams, "Nubble sow agre!"
There is a stone staircase leading down here.
You climb downwards.
There is a stone staircase leading up here.
You see here a +0 ring mail.
There is a stone staircase leading down here.
There is an escape hatch in the ceiling here.
Found an escape hatch in the floor.
There is an escape hatch in the floor here.
You open the door.
There is an open door here.
The orc shouts!
Enter note:
Enter note:
Enter note:
Enter note:
Enter note:
Enter note:
Enter note:
Enter note:
Enter note:
Enter note:
Enter note:
Enter note:
Enter note:
Enter note:
Enter note:
Enter note:
Enter note: The orc reads a scroll.
Wisps of shadow swirl around the orc.
You barely miss the bat.
The jackal barks!
The bat hits you but does no damage.
The jackal stops to sniff the ground.
The orc zaps a wand.
The bolt of acid hits you! The acid corrodes you!
The bat hits you but does no damage. The jackal barely misses you.
The orc zaps a wand.
The bolt of acid hits you!!
Ouch! That really hurt!
You die...

*****+********#.......*#.#..,,,..
*,,,<,,,,*,.........#....***.#
*,,,,,,*,#,,........'....+,...
*,,,,,,*,#.,......#.#....###..
*,,,,,.#,#.,#'#.#.#.#.........
*,,,,,...#..#.#.#.#.#.....#...
*,,,,,##....#b#.#.#.#.....#...
*,,,>,........................
*,,,,,*.#####@#.#...#####.#...
*,,,,,#.....oh#.#.........#...
*,,,,,#.##..h##.#..##########. **
*,,,,,*,#....,#.#............. ,*
*,,,,**,#....,#.##...######### ,*
*,,,,**,#....,.......#****#### ,*
*,,,,**,##...,#.......,,,,.... ,*
*,,,,,,,,+...,**...###########
****,,,***,**,,,***...#*#........


You could see an orc, 2 jackals and a bat (summoned).

Vanquished Creatures
  3 gnolls (D:3)
  An adder (D:2)
  6 orcs (D:3)
  6 ball pythons
  4 endoplasms
  3 giant cockroaches
  3 goblins
  2 hobgoblins (D:2)
  7 jackals
  3 kobolds
  3 bats
  3 frilled lizards
  5 rats
49 creatures vanquished.

Notes
Turn   | Place    | Note
-------+----------+-------------------------------------------
     0 | D:1      | qw the Gargoyle Berserker began the quest for the Orb.
     0 | D:1      | Reached XP level 1. HP: 14/14 MP: 1/1
     0 | D:1      | 0 ||| qw: Version: 0.1-a-111-g1c1fd2e
     0 | D:1      | 0 ||| qw: Game counter: 6637
     0 | D:1      | 0 ||| qw: Always use a shield: true
     0 | D:1      | 0 ||| qw: Do Orc after D:15 true
     0 | D:1      | 0 ||| qw: Do second Lair branch before Depths: true
     0 | D:1      | 0 ||| qw: Lair rune preference: random
     0 | D:1      | 0 ||| qw: Plans: Normal
     0 | D:1      | 0 ||| PLANNING D:1-11
   284 | D:1      | 284 ||| Stepping ~*~*~tactically~*~*~ (stealth).
   285 | D:1      | 285 ||| Stepping ~*~*~tactically~*~*~ (stealth).
   288 | D:1      | Reached skill level 3 in Axes
   297 | D:1      | Reached XP level 2. HP: 17/19 MP: 2/2
   303 | D:1      | 303 ||| INVOKING Berserk.
   312 | D:1      | HP: 4/19 [jackal (2)]
   988 | D:1      | 988 ||| Stepping ~*~*~tactically~*~*~ (stealth).
   989 | D:1      | 989 ||| Stepping ~*~*~tactically~*~*~ (stealth).
   994 | D:1      | 994 ||| Stepping ~*~*~tactically~*~*~ (stealth).
  1001 | D:1      | Reached XP level 3. HP: 23/23 MP: 3/3
  1031 | D:1      | 1031 ||| Stepping ~*~*~tactically~*~*~ (stealth).
  1172 | D:1      | 1172 ||| UPGRADING to +0 ring mail.
  1182 | D:1      | 1182 ||| DROPPING +0 animal skin.
  1183 | D:1      | 1183 ||| UPGRADING to +0 pair of boots.
  1188 | D:1      | 1188 ||| READING scroll labelled ROROVA UTHRE.
  1189 | D:1      | 1189 ||| READING scroll labelled DAREUNG HENIT.
  1190 | D:1      | 1190 ||| READING scroll labelled GAEK ARAENLEE.
  1191 | D:1      | 1191 ||| READING scroll labelled DAJOTT QESEJUSH.
  1192 | D:1      | 1192 ||| READING scroll labelled XODAEN HUOTSASH.
  1293 | D:1      | 1293 ||| DRINKING 2 fizzy blue potions.
  1384 | D:2      | You fall into a shaft and drop 1 floor!
  1440 | D:3      | Reached skill level 4 in Axes
  1561 | D:3      | 1561 ||| Stepping ~*~*~tactically~*~*~ (stealth).
  1562 | D:3      | 1562 ||| Stepping ~*~*~tactically~*~*~ (stealth).
  1563 | D:3      | 1563 ||| Stepping ~*~*~tactically~*~*~ (stealth).
  1658 | D:3      | 1658 ||| DROPPING +0 club.
  1673 | D:3      | 1673 ||| Stepping ~*~*~tactically~*~*~ (hiding).
  1676 | D:3      | 1676 ||| INVOKING Berserk.
  1682 | D:3      | Reached XP level 4. HP: 28/28 MP: 4/4
  1688 | D:3      | Reached ** piety under Trog
  1910 | D:3      | 1910 ||| Stepping ~*~*~tactically~*~*~ (stealth).
  1989 | D:3      | 1989 ||| DROPPING +0 mace.
  2172 | D:3      | 2172 ||| UPGRADING to +0 scale mail.
  2182 | D:3      | 2182 ||| DROPPING +0 ring mail.
  2183 | D:3      | 2183 ||| READING scroll labelled ROORIUSSUE.
  2184 | D:3      | 2184 ||| READING scroll labelled GEIWEIXILU.
  2185 | D:3      | 2185 ||| READING scroll labelled NAFYUN BEESOE.
  2192 | D:2      | Noticed an eye of devastation
  2194 | D:2      | Found a faded altar of an unknown god.
  2438 | D:2      | Noticed a floating eye
  2438 | D:2      | Noticed an eye of devastation
  2438 | D:2      | Noticed a floating eye
  2494 | D:2      | Found a runed translucent door.
  2495 | D:2      | Noticed Crazy Yiuf
  2626 | D:2      | 2626 ||| UPGRADING to +0 buckler.
  2631 | D:2      | 2631 ||| DROPPING amulet of magic regeneration.
  2632 | D:2      | 2632 ||| READING scroll labelled LANUALIGAI.
  2668 | D:2      | 2668 ||| READING scroll labelled JISSYT YVIFO.
  2669 | D:2      | 2669 ||| READING scroll labelled MEASUN FOYKE.
  2670 | D:2      | 2670 ||| DRINKING 3 sedimented red potions.
  2889 | D:3      | Killed from afar by an orc

Levels and vault maps discovered:
D:1:      roderic_chinese_lattice_arrival, layout_rooms, minmay_pentomino_s2
D:2:      layout_rooms, hellmonk_ecumenical_altar_watching_god,
          item_on_display_a, uniq_crazy_yiuf_cottage
D:3:      layout_basic, kennysheep_generic_room_3

Skill      XL: |  1  2  3 |
---------------+----------+-----
Axes           | 3 4 |  4.8
Fighting       | |  3.2
Armour         | |  2.1
Dodging        | |  1.5

Action                   |  1- 3 |  4- 6 || total
-------------------------+-------+-------++-------
Melee: Hand axe          |    96 |    25 ||   121
Throw: Boomerang         |     5 |    19 ||    24
Invok: Berserk           |     2 |       ||     2
  Use: Scroll            |     5 |     6 ||    11
       Potion            |     1 |     1 ||     2
Armor: Animal skin       |    22 |       ||    22
       Ring mail         |    11 |     8 ||    19
       Scale mail        |       |     3 ||     3
Dodge: Dodged            |    62 |    10 ||    72

Table legend:
 A = Non-vault XP
 B = Vault XP
 C = Vault XP percentage of total XP
 D = Non-vault monster count
 E = Vault monster count
 F = Vault count percentage of total count
                 A         B        C        D         E       F
            +---------+---------+-------+---------+---------+-------
      Total |     131 |       5 |   3.7 |      46 |       3 |   6.1
            +---------+---------+-------+---------+---------+-------
        D:1 |      36 |       1 |   2.7 |      23 |       1 |   4.2
        D:2 |      24 |       0 |   0.0 |       7 |       0 |   0.0
        D:3 |      71 |       4 |   5.3 |      16 |       2 |  11.1
            +---------+---------+-------+---------+---------+-------
